 Dungeon Crawl Stone Soup version 0.29-a0-219-g0a02b1cf4f (webtiles) character file.

Game seed: 8285210517216742589

211 horus123 the Skirmisher (level 5, -4/43 HPs)
             Began as a Demigod Fighter on Feb 26, 2022.
             Slain by an orc warrior
             ... wielding a +0 battleaxe
              (19 damage)
             ... on level 4 of the Dungeon.
             The game lasted 00:07:31 (3606 turns).

horus123 the Skirmisher (Demigod Fighter)           Turns: 3606, Time: 00:07:31

Health: -4/43      AC: 13    Str: 21    XL:     5   Next: 31%
Magic:  11/11      EV:  7    Int:  8    God:
Gold:   175        SH:  4    Dex: 13    Spells: 7/8 levels left

rFire   . . .      SeeInvis +   a - +2 long sword
rCold   + . .      Faith    .   c - +0 buckler
rNeg    . . .      Spirit   .   p - +0 chain mail
rPois   .          Reflect  .   (no helmet)
rElec   .          Harm     .   e - +1 cloak
rCorr   .          Rampage  .   (no gloves)
Will    .....                   h - +1 pair of boots
Stlth   ..........              (no amulet)
HPRegen 0.14/turn               l - ring of protection from cold
MPRegen 0.12/turn               m - ring of see invisible

@: mighty
A: high MP 1, forlorn, divine attributes, dopey 1, frail 1, devolution 1
a: no special abilities


You were on level 4 of the Dungeon.
You visited 1 branch of the dungeon, and saw 4 of its levels.

You collected 175 gold pieces.

Inventory:

Hand Weapons
 a - a +2 long sword (weapon)
 q - a +2 halberd of flaming
Armour
 c - a +0 buckler (worn)
 e - a +1 cloak (worn)
 h - a +1 pair of boots (worn)
 n - a +0 robe
 p - a +0 chain mail (worn)
Magical Staves
 b - a staff of fire
Jewellery
 l - a ring of protection from cold (left hand)
 m - a ring of see invisible (right hand)
 o - a ring of positive energy
Scrolls
 j - 2 scrolls of teleportation
Potions
 d - a potion of might
 g - a potion of degeneration {unknown}
 i - a potion of attraction {unknown}
 k - a potion of curing {unknown}


   Skills:
 - Level 5.1 Fighting
 - Level 1.7 Long Blades
 - Level 2.6 Armour
 - Level 2.6 Shields
 + Level 2.2 Spellcasting


You had 7 spell levels left.
You knew the following spells:

 Your Spells              Type           Power      Damage    Failure   Level
b - Magic Dart            Conj           0%         1d3       99%         1

Your spell library contained the following spells:

 Spells                   Type           Power      Damage    Failure   Level
 Shock                    Conj/Air       0%         1d3       99%         1
 Call Imp                 Summ           0%         N/A       100%        2
 Conjure Flame            Conj/Fire      0%         6-21      100%        3
 Ignite Poison            Fire/Tmut/Pois 0%         N/A       100%        3
 Mephitic Cloud           Conj/Pois/Air  0%         N/A       100%        3
 Swiftness                Air            0%         N/A       100%        3
 Airstrike                Air            0%         N/A       100%        4
 Sticky Flame             Conj/Fire      0%         2d3       100%        4


Dungeon Overview and Level Annotations

Branches:
Dungeon (4/15)
 Temple: D:4-7


Innate Abilities, Weirdness & Mutations

You have an increased reservoir of magic. (+10% MP)
You shall have no god before yourself.
Your divine heritage dramatically boosts your attributes as you level up.
You are dopey. (Int -2)
You are frail. (-10% HP)
You have hidden genetic defects.


Message History

You hit the orc but do no damage. You block the orc's attack.
The orc hits you with a +0 dagger.
You barely miss the orc. The orc hits you but does no damage.
You hit the orc.
The orc is moderately wounded.
The orc hits you but does no damage.
You slash the orc!
You kill the orc!
No target in view!
HP restored.
Things that are here:
a +0 dagger; a +0 leather armour No target in view!
No target in view!
A dart slug and an orc warrior come into view.
You hit the orc warrior but do no damage.
You block the orc warrior's attack.
You hit the orc warrior but do no damage.
The orc warrior hits you with a +0 battleaxe!
You hit the orc warrior but do no damage.
The orc warrior closely misses you.
The orc warrior hits you with a +0 battleaxe!
You feel very mighty all of a sudden.
The orc warrior hits you but does no damage.
You hit the orc warrior but do no damage.
The orc warrior hits you with a +0 battleaxe.
You hit the orc warrior but do no damage.
The orc warrior hits you with a +0 battleaxe!
You hit the orc warrior.
The orc warrior is lightly wounded.
The orc warrior hits you but does no damage.
The orc warrior barely misses you.
You hit the orc warrior.
The orc warrior is moderately wounded.
The orc warrior hits you but does no damage.
You hit the orc warrior.
The orc warrior is heavily wounded.
The orc warrior barely misses you.
The orc warrior hits you with a +0 battleaxe!!
You die...

#.. .. .. .##
.. . #.########
....##.#.)....#
#...wo@.>##.#
...
####.#.#.##.##
##.##
...#.#.....#
#...#
#####.####..#
... #.####..#
...
#.....(.####
#.#
####.......#
#.# #.##.##.#
#<# #.##># #


You could see an orc warrior and a dart slug.

Vanquished Creatures
  A bullfrog (D:3)
  Jessica (D:2)
  3 gnolls (D:3)
  An adder (D:3)
  4 dart slugs
  6 orcs
  4 bats
  5 endoplasms
  A giant cockroach (D:2)
  9 goblins
  6 hobgoblins
  4 jackals (D:2)
  6 kobolds
  2 quokkas
  7 ball pythons
  A frilled lizard (D:2)
  6 rats
67 creatures vanquished.

Vanquished Creatures (others)
  4 toadstools (D:1)
4 creatures vanquished.

Grand Total: 71 creatures vanquished

Notes
Turn   | Place    | Note
-------+----------+-------------------------------------------
     0 | D:1      | horus123 the Demigod Fighter began the quest for the Orb.
     0 | D:1      | Reached XP level 1. HP: 18/18 MP: 3/3
   180 | D:1      | Reached skill level 3 in Fighting
   203 | D:1      | Reached XP level 2. HP: 10/26 MP: 4/4
   761 | D:1      | You fall into a shaft and drop 1 floor!
   761 | D:2      | Noticed Jessica
   768 | D:2      | Killed Jessica
   769 | D:2      | Reached skill level 4 in Fighting
   769 | D:2      | Reached XP level 3. HP: 23/33 MP: 5/5
  1578 | D:2      | Reached XP level 4. HP: 41/41 MP: 6/6
  2256 | D:3      | Noticed a bullfrog
  2586 | D:2      | Reached skill level 5 in Fighting
  2776 | D:2      | Learned a level 1 spell: Shock
  2939 | D:3      | Killed a bullfrog
  2940 | D:3      | Reached XP level 5. HP: 24/48 MP: 7/10
  3181 | D:3      | Learned a level 1 spell: Magic Dart
  3494 | D:3      | Gained mutation: You are dopey. (Int -2) [potion of
                  | mutation]
  3494 | D:3      | Gained mutation: You are frail. (-10% HP) [potion of
                  | mutation]
  3494 | D:3      | Gained mutation: You have hidden genetic defects. [potion
                  | of mutation]
  3596 | D:4      | Noticed an orc warrior
  3606 | D:4      | Slain by an orc warrior

Illustrated notes

Levels and vault maps discovered:
D:1:      ldierk_water_garden, layout_basic, minivault_23, minmay_tall_x
D:2:      layout_loops_cross, uniq_jessica
D:3:      layout_basic, nicolae_wu_jian_immortal_techniques,
          mainiacjoe_overflow_alcove_1
D:4:      layout_loops_cross, ashenzari_altar_1, grunt_temple_overflow_open,
          nicolae_overflow_hidden_temple, small_statue_intersection,
          uniq_natasha

Skill      XL: |  1  2  3  4 |
---------------+-------------+-----
Fighting       | 3 4 5 |  5.1
Spellcasting   | 2 |  2.2
Long Blades    | |  1.7
Armour         | |  2.6
Shields        | |  2.6

Action                   |  1- 3 |  4- 6 || total
-------------------------+-------+-------++-------
Melee: Long sword        |    97 |    68 ||   165
  Use: Scroll            |     3 |     7 ||    10
       Potion            |       |     2 ||     2
Armor: Scale mail        |    46 |    11 ||    57
       Chain mail        |       |    27 ||    27
Dodge: Dodged            |    42 |    33 ||    75
Block: Buckler           |    18 |    19 ||    37

Table legend: (Time is in decaauts)
 A = Elapsed time spent in this place.
 B = Non-inter-level travel time spent in this place.
 C = Inter-level travel time spent in this place.
 D = Time resting spent in this place.
 E = Time spent auto-exploring this place.
 F = Levels seen in this place.
 G = Mean time per level.
                   A        B        C        D        E       F      G
               +--------+--------+--------+--------+--------+-----+--------+
         Total |   3673 |   3605 |     68 |    978 |   1808 |   4 |  918.2 |
       Dungeon |   3673 |   3605 |     68 |    978 |   1808 |   4 |  918.2 |
               +--------+--------+--------+--------+--------+-----+--------+

Top non-repeatable levels by time:
     D:3: 1314 daAuts
     D:2: 1202 daAuts
     D:1: 1086 daAuts
     D:4: 70 daAuts
